 Dungeon Sprint DCSS version 0.24-a0-582-g4d4af81 (webtiles) character file.

Game seed: 6673155132420412334

17623 silentkaos13 the Stickfighter (level 12, -2/108 (110) HPs)
             Began as a Demonspawn Gladiator on Aug 27, 2019.
             Was the Champion of Makhleb.
             Killed from afar by Tiamat (33 damage)
             ... with a bolt of dispelling energy
             ... in the Dungeon (Sprint I: "Red Sonja").
             The game lasted 00:17:33 (3559 turns).

silentkaos13 the Stickfighter (DsGl)                Turns: 3559, Time: 00:17:34

HP:   -2/108 (110)  AC: 20    Str: 19    XL:     12   Next: 20%
MP:   22/22         EV: 17    Int:  9    God:    Makhleb [******]
Gold: 1432          SH:  0    Dex: 16    Spells: 11/11 levels left

rFire    + + +     SeeInvis .   o - +3 quarterstaff (speed)
rCold    + . .     Gourm    .   (shield currently unavailable)
rNeg     . . .     Faith    .   s - +1 fire dragon scales
rPois    .         Spirit   .   c - +0 helmet
rElec    .         Reflect  .   u - scarf {rC+ rF+}
rCorr    .         Harm     .   v - +2 pair of gloves {archery}
MR       .....     NoTele   +   (boots unavailable)
Stlth    +.........             (no amulet)
HPRegen  0.28/turn              (no ring)
MPRegen  0.18/turn              (no ring)

@: lethally poisoned (-2 -> -96), flying (expiring), hasted (expiring), very
quick
A: hooves 3, rugged brown scales 2, cold resistance 1, demonic guardian 1,
freezing cloud immunity
0: Orb of Zot
a: Minor Destruction, Lesser Servant of Makhleb, Major Destruction, Greater
Servant of Makhleb, Renounce Religion


You were in the Dungeon.
You worshipped Makhleb.
Makhleb was exalted by your worship.
You were not hungry.

You visited 1 branch You collected 2599 gold pieces.
You spent 1167 gold pieces at shops.

Inventory:

Hand Weapons
 g - a +2 fustibalus
 o - a +3 quarterstaff of speed (weapon)
 q - the +3 falchion of Urgency {antimagic, rC+ MR- Int+6}
   (You found it in the Dungeon)

   It reduces the magical energy of the wielder, and disrupts the spells and
   magical abilities of those hit.
   Natural abilities and divine invocations are not affected.
   It affects your intelligence (+6).
   It protects you from cold.
   It affects your resistance to hostile enchantments.
Missiles
 d - 3 throwing nets
 n - 5 curare-tipped darts (quivered)
Armour
 c - a +0 helmet (worn)
 l - a +4 ring mail of magic resistance
 s - +1 fire dragon scales (worn)
 t - a +4 chain mail of fire resistance
 u - a scarf of resistance (worn)
 v - a +2 pair of gloves of archery (worn)
Magical Staves
 p - an uncursed staff of poison
Wands
 m - a wand of digging (3)
Scrolls
 f - a scroll of amnesia
 k - a scroll of blinking
 r - a scroll of magic mapping {unknown}
Potions
 e - 3 potions of curing
 h - a potion of haste
 i - 2 potions of magic
 j - a potion of berserk rage
Comestibles
 b - a ration


   Skills:
 + Level 13.3 Fighting
 + Level 16.0 Staves
 - Level 6.0 Throwing
 + Level 11.0 Armour
 + Level 12.3 Dodging
 - Level 5.3 Stealth
 * Level 14.5 Invocations


You had 11 spell levels left.
You didn't know any spells.
Your spell library contained the following spells:

 Spells                   Type           Power        Failure   Level  Hunger
 Summon Small Mammal      Summ           #...         75%         1    ##.....
 Call Imp                 Summ           #.......     87%         2    ###....
 Call Canine Familiar     Summ           #.......     98%         3    ####...
 Summon Guardian Golem    Hex/Summ       #.......     98%         3    ####...
 Summon Ice Beast         Ice/Summ       #.......     100%        4    #####..
 Summon Lightning Spire   Summ/Air       #.......     100%        4    #####..


Dungeon Overview and Level Annotations

Branches:
Dungeon (1/1)

Altars:
Cheibriados
Dithmenos
Elyvilon
Fedhas
Gozag
Hepliaklqana
Kikubaaqudgha
Makhleb
Nemelex Xobeh
Okawaru
Qazlal
Ru
Sif Muna
Trog
Uskayaw
Vehumet
Wu Jian
Xom
Yredelemnul
Zin
The Shining One
Jiyva
Lugonu

Shops:
D (*%[!:%?%}([%?}[[

Annotations:
D Tiamat


Innate Abilities, Weirdness & Mutations

You have hooves in place of feet.
You are mostly covered in rugged brown scales. (AC +2, +5% HP)
Your flesh is cold resistant. (rC+)
A weak demonic guardian rushes to your aid.
You are immune to freezing clouds.


Message History

You are engulfed in poison gas.
You are more poisoned.
You feel very sick. Tiamat breathes poison at you.
The blast of poison engulfs you.
You are more poisoned.
Your ufetubus is engulfed in poison gas.
Your ufetubus is poisoned.
You are engulfed in poison gas.
You are more poisoned.
You feel very sick.
You feel very sick.
You feel extremely sick.
You feel very sick.
You feel very sick.
Your ufetubus dies!
* * * LOW HITPOINT WARNING * * *
You feel very sick.
Tiamat breathes dispelling energy at you.
The bolt of dispelling energy hits you!!
Your magical effects are unravelling.
You die...

#'###(###§# #..#+###
....'.∩##.# ##...#
#########§# ###.# ......
#.# #.# ..... +.# #.#
++.######§# ####'#
.....§§§#§##### ###.)))#
......§#§§#(([#####)..####
†....§≈####.....@...###
†....≈≈##.)(....#####
...≈≈≈###......## ≈≈≈≈###
#.....## ####+####...d.#
#####∩∩####.#######
∩∩∩∩∩∩###≈≈≈≈≈≈≈≈.#
####### ###.#######
#.....+


You could see Tiamat.

Vanquished Creatures
  4 fire giants (D)
  A hydra (D)
  2 centaur warriors (D)
  A deep troll (D)
  7 unseen horrors (D)
  A lindwurm (D)
  An oklob plant (D)
  2 kobold demonologists (D)
  4 demonic crawlers (D)
  A hornet (D)
  A slime creature (D)
  2 redbacks (D)
  Sigmund (D)
  A yak (D)
  13 hogs (D)
  2 floating eyes (D)
  7 necrophages (D)
  An ogre (D)
  8 jellies (D)
  Ijyb (D)
  5 ballistomycetes (D)
66 creatures vanquished.

Vanquished Creatures (collateral kills)
  Sonja (D)
  A floating eye (D)
2 creatures vanquished.

Vanquished Creatures (others)
  A gargoyle (D)
  2 ballistomycete spores (D)
3 creatures vanquished.

Grand Total: 71 creatures vanquished

Notes
Turn   | Place    | Note
-------+----------+-------------------------------------------
     0 | D        | silentkaos13 the Demonspawn Gladiator began the quest for
                  | the Orb.
     0 | D        | Reached XP level 1. HP: 16/16 MP: 1/1
     1 | D        | Noticed Ijyb
    12 | D        | Killed Ijyb
    12 | D        | Reached skill level 4 in Staves
    12 | D        | Gained mutation: Your flesh is cold resistant. (rC+)
                  | [demonic ancestry]
    12 | D        | Reached XP level 2. HP: 22/23 MP: 2/2
    28 | D        | Noticed an ogre
    34 | D        | Killed an ogre
    34 | D        | Reached skill level 6 in Staves
    34 | D        | Reached skill level 5 in Dodging
    34 | D        | Gained mutation: You have large cloven feet. [demonic
                  | ancestry]
    34 | D        | Reached XP level 3. HP: 29/29 MP: 3/3
    34 | D        | Reached XP level 4. HP: 36/36 MP: 4/4
    46 | D        | Noticed Sigmund
    57 | D        | Killed Sigmund
    57 | D        | Reached skill level 7 in Staves
    57 | D        | Reached skill level 1 in Stealth
    57 | D        | Reached XP level 5. HP: 33/43 MP: 5/5
   137 | D        | Found a burning altar of Makhleb.
   137 | D        | Found a viscous altar of Jiyva.
   137 | D        | Found a shimmering altar of Xom.
   137 | D        | Found a corrupted altar of Lugonu.
   137 | D        | Noticed a slime creature
   149 | D        | Killed a slime creature
   149 | D        | Reached skill level 5 in Fighting
   149 | D        | Reached skill level 8 in Staves
   149 | D        | Gained mutation: You have hoof-like feet. [demonic
                  | ancestry]
   149 | D        | Reached XP level 6. HP: 49/51 MP: 6/6
   152 | D        | Became a worshipper of Makhleb the Destroyer
   169 | D        | Found an ornate altar of the Wu Jian Council.
   169 | D        | Found a shimmering blue altar of Sif Muna.
   171 | D        | Found a radiant altar of Vehumet.
   177 | D        | Reached skill level 9 in Staves
   177 | D        | Reached skill level 5 in Throwing
   207 | D        | Found Dibadagi's General Store.
   207 | D        | Found an ancient bone altar of Kikubaaqudgha.
   207 | D        | Found a hazy altar of Hepliaklqana.
   207 | D        | Found a stormy altar of Qazlal.
   207 | D        | Found a hide-covered altar of Uskayaw.
   207 | D        | Found a blossoming altar of Fedhas.
   207 | D        | Found a bloodstained altar of Trog.
   207 | D        | Found an iron altar of Okawaru.
   207 | D        | Found a basalt altar of Yredelemnul.
   207 | D        | Found a glowing golden altar of the Shining One.
   207 | D        | Found a snail-covered altar of Cheibriados.
   207 | D        | Found a sacrificial altar of Ru.
   207 | D        | Found a glowing silver altar of Zin.
   207 | D        | Found a shadowy altar of Dithmenos.
   207 | D        | Found a white marble altar of Elyvilon.
   207 | D        | Noticed a yak
   215 | D        | Killed a yak
   215 | D        | Gained mutation: A weak demonic guardian rushes to your
                  | aid. [demonic ancestry]
   215 | D        | Reached XP level 7. HP: 29/56 MP: 7/7
   216 | D        | Found an opulent altar of Gozag.
   219 | D        | Found a sparkling altar of Nemelex Xobeh.
   384 | D        | Noticed a kobold demonologist
   384 | D        | Noticed a kobold demonologist
   388 | D        | Reached * piety under Makhleb
   388 | D        | Reached skill level 1 in Armour
   392 | D        | Noticed an orange demon
   399 | D        | Killed a kobold demonologist
   399 | D        | Reached skill level 10 in Staves
   400 | D        | Noticed a sun demon
   433 | D        | Noticed a soul eater
   439 | D        | Killed a kobold demonologist
   439 | D        | Gained mutation: You have hooves in place of feet. [demonic
                  | ancestry]
   439 | D        | Reached XP level 8. HP: 55/65 MP: 8/8
   471 | D        | Bought a potion of resistance for 120 gold pieces
   471 | D        | Bought a scroll of enchant armour for 90 gold pieces
   480 | D        | Noticed Sonja
   490 | D        | Killed Sonja
   490 | D        | Reached ** piety under Makhleb
   490 | D        | Reached skill level 11 in Staves
   490 | D        | Reached skill level 10 in Dodging
   611 | D        | Found Ijett's Weapon Boutique.
   704 | D        | Bought a +3 quarterstaff of speed for 406 gold pieces
   745 | D        | Noticed a deep troll
   754 | D        | Killed a deep troll
   754 | D        | Reached skill level 12 in Staves
   754 | D        | Gained mutation: You are partially covered in rugged brown
                  | scales. (AC +1, +3% HP) [demonic ancestry]
   754 | D        | Reached XP level 9. HP: 37/74 MP: 8/11
   764 | D        | Found Agiuxt's Armour Emporium.
   929 | D        | Got an ancient falchion
   933 | D        | Identified the cursed +3 falchion of Urgency {antimagic,
                  | rC+ MR- Int+6} (You found it in the Dungeon)
  1005 | D        | Noticed a centaur warrior
  1007 | D        | Noticed a centaur warrior
  1020 | D        | Killed a centaur warrior
  1027 | D        | Killed a centaur warrior
  1027 | D        | Reached skill level 13 in Staves
  1180 | D        | Reached *** piety under Makhleb
  1324 | D        | Noticed an oklob plant
  1611 | D        | Killed an oklob plant
  1611 | D        | Reached skill level 5 in Armour
  1611 | D        | Reached XP level 10. HP: 65/85 MP: 15/15
  1724 | D        | Reached **** piety under Makhleb
  1750 | D        | Reached ***** piety under Makhleb
  1768 | D        | Killed an unseen horror
  1777 | D        | Killed an unseen horror
  1777 | D        | Reached skill level 14 in Staves
  2029 | D        | Reached skill level 10 in Fighting
  2029 | D        | Reached skill level 10 in Invocations
  2044 | D        | Killed a gargoyle
  2048 | D        | Found Lutzum's Antique Armour Shoppe.
  2048 | D        | Found Ripoanoh's Food Shop.
  2048 | D        | Found Sofurghai's Distillery.
  2050 | D        | Found Guramoz's Book Emporium.
  2050 | D        | Found Guenon's Food Shop.
  2050 | D        | Found Dymao's Magic Scroll Shoppe.
  2050 | D        | Found Ogekadib's Food Boutique.
  2050 | D        | Found Man Otz's Gadget Emporium.
  2050 | D        | Found Bikleal's Antique Weapon Shop.
  2050 | D        | Found Matwaudi's Antique Armour Shoppe.
  2052 | D        | Found Tucw's Food Boutique.
  2053 | D        | Found Utujaped's Gadget Emporium.
  2053 | D        | Found Tygum's Magic Scroll Boutique.
  2054 | D        | Found Histoz's Antique Armour Emporium.
  2055 | D        | Bought a scroll of identify for 28 gold pieces
  2055 | D        | Bought a scroll of identify for 28 gold pieces
  2077 | D        | Bought a scroll of enchant armour for 90 gold pieces
  2197 | D        | Bought an embroidered scarf for 184 gold pieces
  2200 | D        | Bought a pair of glowing gloves for 165 gold pieces
  2207 | D        | Bought a scroll of identify for 28 gold pieces
  2207 | D        | Bought a scroll of identify for 28 gold pieces
  2274 | D        | Noticed a lindwurm
  2279 | D        | Killed a lindwurm
  2279 | D        | Reached ****** piety under Makhleb
  2279 | D        | Reached skill level 5 in Stealth
  2521 | D        | Gained mutation: You are mostly covered in rugged brown
                  | scales. (AC +2, +5% HP) [demonic ancestry]
  2521 | D        | Reached XP level 11. HP: 86/94 MP: 19/19
  2568 | D        | Reached skill level 15 in Staves
  2594 | D        | Noticed a 12-headed hydra
  2599 | D        | Killed a 12-headed hydra
  2805 | D        | Noticed a daeva
  2808 | D        | Noticed an unseen horror
  2808 | D        | Noticed an unseen horror
  2818 | D        | Killed an unseen horror
  2820 | D        | Noticed an unseen horror
  2822 | D        | Killed an unseen horror
  2827 | D        | Killed an unseen horror
  2840 | D        | Killed an unseen horror
  2846 | D        | Killed an unseen horror
  3255 | D        | Noticed a fire giant
  3256 | D        | Noticed a fire giant
  3264 | D        | Noticed a fire giant
  3284 | D        | Killed a fire giant
  3291 | D        | Killed a fire giant
  3291 | D        | Reached skill level 10 in Armour
  3298 | D        | Killed a fire giant
  3298 | D        | Gained mutation: You are immune to freezing clouds.
                  | [demonic ancestry]
  3298 | D        | Reached XP level 12. HP: 73/108 MP: 20/22
  3310 | D        | Noticed a fire giant
  3514 | D        | Killed a fire giant
  3514 | D        | Reached skill level 16 in Staves
  3519 | D        | Identified a scroll of acquirement
  3546 | D        | Identified the +4 dragonskin cloak
  3546 | D        | Noticed Tiamat
  3550 | D        | Got the Orb of Zot
  3559 | D        | Killed from afar by Tiamat

Levels and vault maps discovered:
D:        dungeon_sprint_1 [red_sonja_temple_1, red_sonja_temple_small_1]

Skill      XL: |  1  2  3  4  5  6  7  8  9 10 11 12 |
---------------+-------------------------------------+-----
Staves         | 4 6 7 8 9 10 12 13 14 15 16 | 16.0
Throwing       | 2 3 4 5 6 |  6.0
Dodging        | 4 5 7 8 9 10 11 12 | 12.3
Fighting       | 3 4 5 6 7 9 10 13 | 13.3
Stealth        | 1 2 3 4 5 |  5.3
Armour         | 1 3 5 7 10 11 | 11.0
Invocations    | 3 7 11 14 | 14.5

Action                   |  1- 3 |  4- 6 |  7- 9 | 10-12 || total
-------------------------+-------+-------+-------+-------++-------
Melee: Quarterstaff      |    14 |    31 |   104 |   272 ||   421
       Kick              |       |    17 |    50 |    95 ||   162
Throw: Throwing net      |     1 |     2 |       |       ||     3
       Dart              |       |       |     6 |       ||     6
Evoke: Wand              |       |       |       |     2 ||     2
  Use: Scroll            |       |       |     3 |     9 ||    12
       Potion            |       |       |     2 |     3 ||     5
 Stab: Held in net/web   |       |     1 |       |       ||     1
       Distracted        |       |       |     1 |       ||     1
       Sleeping          |       |       |       |     1 ||     1
  Eat: Chunk             |       |       |     1 |     1 ||     2
       Ration            |       |       |     1 |     1 ||     2
Armor: Leather armour    |     1 |       |       |       ||     1
       Ring mail         |       |     3 |    17 |    15 ||    35
       Fire dragon scale |       |       |       |    77 ||    77
Dodge: Dodged            |     8 |    14 |    39 |   140 ||   201

Table legend:
 A = Non-vault XP
 B = Vault XP
 C = Vault XP percentage of total XP
 D = Non-vault monster count
 E = Vault monster count
 F = Vault count percentage of total count
                 A         B        C        D         E       F
            +---------+---------+-------+---------+---------+-------
      Total |       0 |   25176 | 100.0 |       0 |      63 | 100.0
            +---------+---------+-------+---------+---------+-------
          D |       0 |   25176 | 100.0 |       0 |      63 | 100.0
            +---------+---------+-------+---------+---------+-------
